 Dungeon Crawl Stone Soup version 0.28.0-43-g3370ac3207 (webtiles) character file.

Game seed: 17759650295148709056

1017 jimonade the Poker (level 8, -5/70 HPs)
             Began as a Grey Draconian Berserker on Mar 12, 2022.
             Was a Priest of Trog.
             Slain by an orc warrior
             ... wielding a +0 scimitar
              (8 damage)
             ... on level 6 of the Dungeon.
             The game lasted 00:30:54 (5776 turns).

jimonade the Poker (Grey Draconian Berserker)       Turns: 5776, Time: 00:30:54

Health: -5/70      AC: 20    Str: 22    XL:     8   Next: 2%
Magic:  8/8        EV: 13    Int:  7    God:    Trog [***...]
Gold:   201        SH:  0    Dex: 11    Spells: 7/7 levels left

rFire   . . .      SeeInvis .   q - +0 glaive (protect)
rCold   . . .      Faith    .   (shield currently unavailable)
rNeg    . . .      Spirit   .   (armour unavailable)
rPois   .          Reflect  .   (helmet restricted)
rElec   .          Harm     .   c - +0 cloak
rCorr   .          Rampage  .   (no gloves)
Will    +++..                   v - +0 pair of boots
Stlth   ..........              (no amulet)
HPRegen 1.21/turn               t - +4 ring of slaying
MPRegen 0.11/turn               d - ring of willpower

@: silenced, strong-willed, under a protective aura, regenerating
A: AC +11, amphibious, unfitting armour, cold-blooded
a: Renounce Religion


You were on level 6 of the Dungeon.
You worshipped Trog.
Trog was most pleased with you.
You visited 1 branch of the dungeon, and saw 6 of its levels.
You also visited: Sewer.

You collected 201 gold pieces.

Inventory:

Hand Weapons
 a - a +0 spear
 b - a +0 hunting sling
 m - a +0 hunting sling
 q - a +0 glaive of protection (weapon)
 r - a +0 hunting sling
 s - a +0 spear
 u - a +0 short sword of flaming
 D - a +2 flail of venom
 F - a +2 dagger of freezing
Missiles
 e - 232 stones (quivered)
 g - 61 bolts
 k - 20 arrows
 l - 14 poisoned darts
 y - a curare-tipped dart
Armour
 c - a +0 cloak (worn)
 v - a +0 pair of boots (worn)
 G - a +2 robe of willpower
Jewellery
 d - a ring of willpower (right hand)
 h - an amulet of magic regeneration
 t - a +4 ring of slaying (left hand)
Wands
 C - a wand of iceblast (4)
Scrolls
 o - a scroll of magic mapping
 E - a scroll of fog
Potions
 f - 4 potions of attraction
 i - a potion of lignification {unknown}
 n - a potion of ambrosia
 p - 3 potions of curing {unknown}
 w - a potion of brilliance {unknown}
 x - 2 potions of invisibility {unknown}
 z - a potion of heal wounds {unknown}
 A - 2 potions of haste {unknown}
 B - a potion of flight {unknown}


   Skills:
 * Level 5.8 Fighting
 * Level 7.4 Polearms
 * Level 4.9 Dodging


You had 7 spell levels left.
You didn't know any spells.
Your spell library contained the following spells:

 Spells                   Type           Power      Damage    Failure   Level
 Summon Small Mammal      Summ           0%         N/A       43%         1
 Scorch                   Fire           0%         2d5       56%         2
 Sublimation of Blood     Necr           0%         N/A       56%         2
 Call Canine Familiar     Summ           0%         N/A       80%         3
 Summon Guardian Golem    Hex/Summ       0%         N/A       80%         3
 Flame Wave               Conj/Fire      0%         2d4       99%         4
 Olgreb's Toxic Radiance  Pois           0%         N/A       99%         4
 Petrify                  Tmut/Erth      0%         N/A       99%         4
 Irradiate                Conj/Tmut      0%         3d13      100%        5
 Summon Cactus Giant      Summ           0%         N/A       100%        6
 Ozocubu's Refrigeration  Ice            0%         4d5       100%        7
 Ignition                 Fire           0%         3d3       100%        8


Dungeon Overview and Level Annotations

Branches:
Dungeon (6/15)             Temple (0/1) D:5           Sewer (visited)

Altars:
Vehumet

Shops:
D:2 (   D:4 ?

Annotations:
D:2 Terence
D:3 2 runed translucent doors, tizbic2's ghost, amateur DgFi
D:5 7 exclusions, Dowan; Duvessa


Innate Abilities, Weirdness & Mutations

Your dull iron-grey scales are very hard. (AC +11)
You are amphibious.
You cannot fit into any form of body armour.
You are cold-blooded and may be slowed by cold attacks.


Message History

The orc hits you with a +0 club.
* * * LOW HITPOINT WARNING * * *
You have reached level 8!
You feel stronger.
Reach: q) +0 glaive (protect)
Press: ? - help, Dir - move target, f - orc priest
Aim: an orc priest, wielding a +0 trident and wearing a +0 ring mail (silenced, about 36% to evade your +0 glaive of protection)
The orc is in the way.
You barely miss the orc. You tail-slap the orc!
You kill the orc!
Trog accepts your kill. The orc priest misses you.
The orc warrior barely misses you. The orc priest closely misses you.
You closely miss the orc warrior.
The orc warrior is heavily wounded.
The orc warrior barely misses you. The orc priest barely misses you.
The orc warrior barely misses you.
You closely miss the orc warrior.
The orc warrior is heavily wounded.
The orc priest closely misses you. The orc warrior barely misses you.
Reach: q) +0 glaive (protect)
Press: ? - help, Dir - move target, f/p - orc priest
Aim: an orc priest, wielding a +0 trident and wearing a +0 ring mail (silenced, about 36% to evade your +0 glaive of protection)
You reach to attack!
You slash the orc priest!
Your weapon exudes an aura of protection.
The orc priest is almost dead.
The orc priest hits you from afar with a +0 trident.
* * * LOW HITPOINT WARNING * * *
The orc warrior hits you with a +0 scimitar!
* * * LOW HITPOINT WARNING * * *
The orc priest barely misses you.
Reach: q) +0 glaive (protect)
Press: ? - help, Dir - move target, f/p - orc priest
Aim: an orc priest, wielding a +0 trident and wearing a +0 ring mail (silenced, almost dead, about 36% to evade your +0 glaive of protection)
You reach to attack!
You closely miss the orc priest.
The orc priest is almost dead.
The orc warrior closely misses you.
The orc priest hits you from afar with a +0 trident!
* * * LOW HITPOINT WARNING * * *
The orc warrior hits you with a +0 scimitar!
You die...

#..# #..# # #.o#.
.o#.### ......
##.#.####.
#.........
..#######.....#
......o@#.#...#
#.#####)#.#..####..
#.o.......#...#
#.............#
#.<.......#>..
#.........#.#
#...........#
####...†.....#####
...................


You could see an orc warrior and an orc priest.

Vanquished Creatures
  Sigmund (D:5)
  A black bear (D:4)
  A phantom (D:5)
  2 kobold brigands (Sewer)
  A wyvern zombie (D:4)
  3 scorpions
  An orc priest (D:6)
  An iguana (D:5)
  A howler monkey skeleton (D:4)
  6 adders
  7 gnolls
  A river rat (Sewer)
  2 ufetubi (D:5)
  3 worms
  A dart slug (D:3)
  3 orcs
  5 bats
  8 endoplasms
  3 giant cockroaches
  8 goblins
  9 hobgoblins
  7 jackals
  12 kobolds
  2 quokkas (D:1)
  16 ball pythons
  A frilled lizard (D:3)
  6 rats
112 creatures vanquished.

Notes
Turn   | Place    | Note
-------+----------+-------------------------------------------
     0 | D:1      | jimonade the Draconian Berserker began the quest for the
                  | Orb.
     0 | D:1      | Reached XP level 1. HP: 19/19 MP: 1/1
   290 | D:1      | Reached XP level 2. HP: 22/26 MP: 2/2
   398 | D:1      | Found a faded altar of an unknown god.
   952 | D:2      | Found a radiant altar of Vehumet.
  1033 | D:2      | Found Bobuxon's Antique Weapon Shop.
  1104 | D:2      | Noticed Terence
  1110 | D:2      | Reached XP level 3. HP: 27/33 MP: 3/3
  2205 | D:3      | Reached ** piety under Trog
  2510 | D:3      | Found a runed translucent door.
  2572 | D:3      | Reached skill level 4 in Polearms
  2585 | D:3      | Reached XP level 4. HP: 24/40 MP: 4/4
  2842 | D:3      | Found a runed translucent door.
  2844 | D:3      | Noticed tizbic2's ghost (amateur DgFi)
  3150 | D:4      | Noticed a scorpion
  3254 | D:4      | Reached XP level 5. HP: 46/46 MP: 5/5
  3427 | D:4      | Found a glowing drain.
  3449 | Sewer    | Entered a sewer
  3491 | Sewer    | Reached *** piety under Trog
  3764 | Sewer    | Reached skill level 5 in Polearms
  4090 | Sewer    | Reached XP level 6. HP: 41/53 MP: 6/6
  4488 | D:4      | Reached skill level 6 in Polearms
  4615 | D:4      | Reached skill level 5 in Fighting
  4791 | D:4      | Identified a scroll of acquirement
  4791 | D:4      | Acquired a +0 glaive of protection
  4817 | D:4      | Found Tocveim's Magic Scroll Shoppe.
  5062 | D:4      | Your scales start taking on a dull iron-grey colour.
  5062 | D:4      | Reached XP level 7. HP: 61/61 MP: 7/7
  5092 | D:5      | Entered Level 5 of the Dungeon
  5117 | D:5      | Found a staircase to the Ecumenical Temple.
  5117 | D:5      | Noticed Duvessa
  5117 | D:5      | Noticed Dowan
  5442 | D:5      | Noticed Sigmund
  5481 | D:5      | Killed Sigmund
  5482 | D:5      | Reached skill level 7 in Polearms
  5772 | D:6      | Reached XP level 8. HP: 14/70 MP: 8/8
  5776 | D:6      | HP: 3/70 [orc priest/+0 trident (7)]
  5776 | D:6      | Slain by an orc warrior

Illustrated notes

Levels and vault maps discovered:
D:1:      dpeg_arrival_stonehenge_12_columns, layout_loops_ring,
          ebering_ecumenical_altar_webs, chequers_serial_rivers_room_b,
          grunt_decor_mini_mirrors
D:2:      layout_loops_ring, serial_shops, shop, basic_altar, st_stairs_14,
          uniq_terence
D:3:      minmay_chambers_of_twos, layout_basic, ebering_ghost_sewer_f,
          grunt_ministairs_3
D:4:      layout_rooms, cheibrodos_sewer_entry_drain, serial_shops,
          nicolae_inconvenience_store
D:5:      layout_cave_pools, minmay_temple_entry_glass, dk_noncrumbling_2,
          minmay_mini_ossuary, uniq_sigmund, uniq_duvessa
D:6:      layout_loops_ring, nicolae_overflow_hidden_temple,
          chequers_ossuary_entry_cave, ebering_ghost_rock_garden

Skill      XL: |  1  2  3  4  5  6  7 |
---------------+----------------------+-----
Dodging        | 3 4 |  4.9
Polearms       | 4 5 6 7 |  7.4
Fighting       | 4 5 |  5.8

Action                   |  1- 3 |  4- 6 |  7- 9 || total
-------------------------+-------+-------+-------++-------
Melee: Spear             |   172 |   178 |       ||   350
       Tailslap          |    11 |    22 |     6 ||    39
       Punch             |     1 |     1 |       ||     2
       Glaive            |       |     6 |    54 ||    60
Invok: Berserk           |       |     1 |     1 ||     2
       Trog's Hand       |       |       |     1 ||     1
  Use: Scroll            |     1 |     6 |     1 ||     8
       Potion            |       |     1 |       ||     1
 Stab: Sleeping          |     2 |       |       ||     2
Armor: Skin              |    40 |    44 |    19 ||   103
Dodge: Dodged            |    76 |    76 |    54 ||   206
